 Dungeon Crawl Stone Soup version 0.18.1-50-g88ac8fd (webtiles) character file.

86 Nordron the Insei (level 4, -2/39 HPs)
             Began as a Naga Transmuter on Sept 29, 2016.
             Slain by a gnoll
             ... wielding a +0 whip
              (5 damage)
             ... on level 2 of the Dungeon.
             The game lasted 00:05:53 (2026 turns).

Nordron the Insei (Naga Transmuter)                 Turns: 2026, Time: 00:05:54

Health: -2/39      AC:  2    Str: 12    XL:     4   Next: 50%
Magic:  7/7        EV: 10    Int: 14    God:
Gold:   119        SH:  0    Dex: 12    Spells: 2 memorised, 3 levels left

rFire  . . .     SeeInvis +     k - +2 dagger (pain)
rCold  + . .     Gourm    .     b - +0 robe
rNeg   . . .     Faith    .     (no shield)
rPois  +         Spirit   .     (no helmet)
rElec  .         Dismiss  .     (no cloak)
rCorr  .         Reflect  .     (no gloves)
SustAt .         Harm     .     (no barding)
MR     .....                    (no amulet)
Stlth  ++........               t - ring of stealth
                                m - ring of protection from cold

@: very slow, not resistant to hostile enchantments, unstealthy
A: see invisible, deformed body, poison resistance, slowness 2, slow metabolism
1, spit poison 2, AC +1
a: Spit Poison


You were on level 2 of the Dungeon.
You were very hungry.

You visited 1 branch of the dungeon, and saw 2 of its levels.

You collected 119 gold pieces.

Inventory:

Hand Weapons
 k - a +2 dagger of pain (weapon)
Missiles
 a - 36 arrows
Armour
 b - a +0 robe (worn)
 v - a +0 ring mail
Jewellery
 m - a ring of protection from cold (left hand)
 t - a ring of stealth (right hand)
Scrolls
 e - 5 scrolls of remove curse {unknown}
 f - a scroll of amnesia {unknown}
 i - a scroll of teleportation {unknown}
 j - 3 scrolls of noise {unknown}
 q - 2 scrolls of immolation {unknown}
 s - 4 scrolls of identify {unknown}
 w - a scroll of enchant weapon {unknown}
Potions
 g - a potion of magic {unknown}
 l - a potion of heal wounds {unknown}
 o - a potion of mutation {unknown}
 p - a potion of cancellation {unknown}
 r - a potion of agility {unknown}
 u - a potion of curing {unknown}
Books
 c - a book of Changes

   Spells                             Type                      Level
   a - Beastly Appendage              Transmutation                1
   b - Sticks to Snakes               Transmutation                2
   c - Spider Form                    Transmutation/Poison         3
   d - Ice Form                       Ice/Transmutation            4
   e - Blade Hands                    Transmutation                5
Comestibles
 d - 2 bread rations
 h - 3 meat rations
 n - a beef jerky
 x - a chunk of flesh


   Skills:
 * Level 1.9 Fighting
 + Level 0.7 Armour
 + Level 1.9 Dodging
 + Level 3.5 Unarmed Combat
 + Level 2.4 Spellcasting
 * Level 2.8 Transmutations


You had 3 spell levels left.
You knew the following spells:

 Your Spells              Type           Power        Failure   Level  Hunger
a - Beastly Appendage     Trmt           #.....       10%         1    #......
b - Spider Form           Trmt/Pois      #.........   38%         3    ###....


Dungeon Overview and Level Annotations

Branches:
Dungeon (2/15)

Altars:


Innate Abilities, Weirdness & Mutations

You cannot wear boots.
Your serpentine skin is tough (AC +1).
You have supernaturally acute eyesight.
Armour fits poorly on your strangely shaped body.
Your system is resistant to poisons.
You cover ground very slowly.
You have a slow metabolism.
You can spit poison.


Message History

There is an open door here.
The gnoll shouts!
The gnoll completely misses you. The rat bites you.
You closely miss the gnoll. The gnoll hits you with a whip.
The rat barely misses you. The gnoll hits you with a whip.
There is an open door here.
You hit the gnoll. Your headbutt misses the gnoll.
The gnoll is lightly wounded.
The gnoll hits you with a whip!
* * * LOW HITPOINT WARNING * * *
You hit the gnoll but do no damage. You headbutt the gnoll.
The gnoll is heavily wounded.
Your horns disappear.
The gnoll hits you with a whip!
* * * LOW HITPOINT WARNING * * *
You hit the gnoll.
The gnoll is severely wounded.
The gnoll hits you with a whip.
You die...

###### .....# ####'##
#.....# #########
#.....# ##.......#
#.....#######...@..).#
......##........#g#..#
.....###.......##r##.#
.....#
#.......#.[.#..#
.....#
#......#######.#
.....#
#......#...(.#.#
.....#
#......'.....#..
.....#
#.....#########.#
.....###.....#


You could see a gnoll and a rat.

Vanquished Creatures
  4 adders (D:2)
  A worm (D:2)
  4 dart slugs
  A giant gecko (D:2)
  3 bats
  A giant cockroach (D:1)
  4 hobgoblins
  2 jackals (D:2)
  3 giant newts
  8 goblins
  5 kobolds
  3 rats (D:1)
39 creatures vanquished.

Notes
Turn   | Place    | Note
--------------------------------------------------------------
     0 | D:1      | Nordron the Naga Transmuter began the quest for the Orb.
     0 | D:1      | Reached XP level 1. HP: 18/18 MP: 3/3
   404 | D:1      | Reached XP level 2. HP: 24/25 MP: 3/5
   944 | D:1      | Reached XP level 3. HP: 18/31 MP: 4/6
  1432 | D:2      | Reached XP level 4. HP: 16/39 MP: 7/7
  1871 | D:2      | Learned a level 3 spell: Spider Form
  2026 | D:2      | Slain by a gnoll

Action                   |  1- 3 |  4- 6 || total
-------------------------+-------+-------++-------
Melee: Unarmed           |    17 |       ||    17
       Headbutt          |    12 |     5 ||    17
       Dagger            |    87 |    53 ||   140
       Punch             |     1 |       ||     1
 Cast: Beastly Appendage |    21 |     7 ||    28
 Stab: Sleeping          |     2 |     3 ||     5
  Eat: Chunk             |     1 |     1 ||     2
Armor: Robe              |     7 |    16 ||    23
Dodge: Dodged            |    45 |    31 ||    76
